 Dungeon Crawl Stone Soup version 0.19-a0-1608-g4cf22de (webtiles) character file.

1642 Amnesiac the Cleaver (level 8, -5/74 HPs)
             Began as a Hill Orc Gladiator on Sept 17, 2016.
             Slain by an orc warrior
             ... wielding a +4 halberd
              (6 damage)
             ... on level 6 of the Dungeon.
             The game lasted 00:06:00 (3131 turns).

Amnesiac the Cleaver (Hill Orc Gladiator)           Turns: 3131, Time: 00:06:01

Health: -5/74      AC:  7    Str: 22    XL:     8   Next: 99%
Magic:  8/8        EV: 11    Int:  8    God:
Gold:   168        SH:  0    Dex: 13    Spells: 0 memorised, 7 levels left

rFire  . . .     SeeInvis .     B - +0 broad axe
rCold  . . .     Gourm    .     e - +0 scale mail
rNeg   . . .     Faith    .     (no shield)
rPois  .         Spirit   .     c - +0 helmet
rElec  .         Dismiss  .     (no cloak)
rCorr  .         Reflect  .     (no gloves)
MR     .....     Harm     .     (no boots)
Stlth  .......... Rnd*Rage +    (no amulet)
                                (no ring)
                                (no ring)

@: no status effects
A: berserk 1, blurry vision 1, sense surroundings 1, strong 2, MP-powered wands
a: no special abilities


You were on level 6 of the Dungeon.
You were hungry.

You visited 1 branch of the dungeon, and saw 6 of its levels.

You collected 168 gold pieces.

Inventory:

Hand Weapons
 a - a +0 war axe
 B - a +0 broad axe (weapon)
Missiles
 d - 4 throwing nets (quivered)
Armour
 c - a +0 helmet (worn)
 e - a +0 scale mail (worn)
 C - a +0 shield
Jewellery
 j - an uncursed ring of see invisible {unknown}
 y - an uncursed ring of resist corrosion {unknown}
Wands
 D - a wand of disintegration (14/24)
Scrolls
 b - a scroll of blinking {unknown}
 h - 2 scrolls of noise {unknown}
 l - a scroll of teleportation {unknown}
 m - a scroll of enchant weapon {unknown}
 n - 3 scrolls of recharging {unknown}
 o - 2 scrolls of remove curse {unknown}
 p - a scroll of amnesia {unknown}
 q - a scroll of fog {unknown}
 r - 2 scrolls of enchant armour {unknown}
 v - a scroll of vulnerability {unknown}
 w - 4 scrolls of identify {unknown}
 A - a scroll of random uselessness {unknown}
 E - a scroll of fear {unknown}
 F - a scroll of immolation {unknown}
Potions
 i - a potion of flight
 t - a potion of cure mutation {unknown}
 u - a potion of berserk rage {unknown}
 x - a potion of haste {unknown}
Comestibles
 f - 5 bread rations
 g - a royal jelly
 k - a meat ration
 s - a beef jerky
 z - a chunk of flesh


   Skills:
 + Level 7.9 Fighting
 * Level 12.1 Axes
 - Level 1.7 Throwing
 - Level 2.4 Dodging


You had 7 spell levels left.
You didn't know any spells.

Dungeon Overview and Level Annotations

Branches:
Dungeon (6/15)
 Temple: D:4-7

Altars:
Nemelex Xobeh
Sif Muna
Vehumet


Innate Abilities, Weirdness & Mutations

You tend to lose your temper in combat.
Scrolls take you a little longer to read.
You passively map a small area around you.
Your muscles are very strong. (Str +4)
You expend magic power (3 MP) to strengthen your wands.


Message History

You feel a bit more experienced.
You hit the orc warrior.
The orc warrior is severely wounded.
The orc warrior hits you with an enchanted halberd!!
* * * LOW HITPOINT WARNING * * *
You are too injured to fight recklessly!
You are too injured to fight recklessly!
You are too injured to fight recklessly!
You are too injured to fight recklessly!
You hit the orc warrior but do no damage.
The orc warrior is severely wounded.
The orc warrior barely misses you.
You hit the orc warrior.
The orc warrior is almost dead.
The orc warrior hits you with an enchanted halberd!!
* * * LOW HITPOINT WARNING * * *
You barely miss the orc warrior.
The orc warrior is almost dead.
The orc warrior hits you with an enchanted halberd.
You die...

############ #######
#..........####.....#
,#..........#..'.....#
#..........#..#.....#
.#..........#..#..(..#
.#........(.####.....#######
.#....####....######..≈≈≈≈≈#
.#....#..'....'.@o.#..≈###≈######
.#....#..#....#))..#...'_'......#
.#....#..#....#....#..≈###≈.....#
.#....#..#....#....#..≈≈≈≈≈.....#
.#....#..#....######............#
##....#..#...........####.......#
......#..#...........# #...)...#
......#..#...........# #.......#
......#..#...........# #.......#


You could see an orc warrior.

Vanquished Creatures
  The ghost of George the Slasher, an amateur MiFi (D:5)
  Grinder (D:4)
  An orc warrior (D:6)
  A sky beast (D:4)
  2 ice beasts (D:5)
  A centaur (D:5)
  2 scorpions (D:4)
  3 wights (D:6)
  A howler monkey (D:6)
  A centaur zombie (D:4)
  2 crimson imps (D:6)
  3 orc priests (D:6)
  A jelly (D:6)
  2 hounds
  A bullfrog skeleton (D:4)
  An iguana (D:6)
  An orc wizard (D:6)
  A worker ant (D:4)
  2 worker ant zombies (D:6)
  3 gnolls (D:4)
  4 adders
  A shadow imp (D:6)
  An ooze (D:2)
  3 worms
  6 leopard geckos
  3 orcs
  2 giant cockroaches
  A goblin (D:3)
  A kobold (D:1)
  3 quokkas
  3 frilled lizards
  A giant cockroach zombie (D:6)
  A quokka skeleton (D:4)
  A rat (D:3)
62 creatures vanquished.

Notes
Turn   | Place    | Note
-------+----------+-------------------------------------------
     0 | D:1      | Amnesiac the Hill Orc Gladiator began the quest for the Orb.
     0 | D:1      | Reached XP level 1. HP: 18/18 MP: 1/1
    81 | D:2      | Reached XP level 2. HP: 15/25 MP: 2/2
   281 | D:3      | Found a deep blue altar of Sif Muna.
   371 | D:4      | Reached skill level 5 in Axes
   371 | D:4      | Reached XP level 3. HP: 5/31 MP: 3/3
   610 | D:4      | Noticed a scorpion
   615 | D:4      | Killed a scorpion
   615 | D:4      | Reached skill level 6 in Axes
   615 | D:4      | Reached XP level 4. HP: 24/40 MP: 4/4
   632 | D:4      | Noticed a sky beast
   897 | D:4      | Reached XP level 5. HP: 45/46 MP: 5/5
   947 | D:4      | Killed a sky beast
   947 | D:4      | Reached skill level 7 in Axes
   958 | D:4      | Gained mutation: Armour fits poorly on your strangely shaped body. [mutagenic meat]
   961 | D:4      | Gained mutation: You passively map a small area around you. [mutagenic meat]
   964 | D:4      | Gained mutation: Your muscles are strong. (Str +2) [mutagenic meat]
  1040 | D:4      | HP: 1/47 [gnoll/spear (6)]
  1051 | D:4      | Gained mutation: You tend to lose your temper in combat. [potion of mutation]
  1051 | D:4      | Gained mutation: You expend magic power (3 MP) to strengthen your wands. [potion of mutation]
  1070 | D:4      | Gained mutation: Scrolls take you a little longer to read. [potion of mutation]
  1070 | D:4      | Gained mutation: Your muscles are very strong. (Str +4) [potion of mutation]
  1070 | D:4      | Lost mutation: Armour fits poorly on your strangely shaped body. [potion of mutation]
  1084 | D:4      | Reached XP level 6. HP: 4/53 MP: 6/6
  1238 | D:4      | Reached skill level 5 in Fighting
  1240 | D:4      | Noticed Grinder
  1260 | D:4      | Killed Grinder
  1260 | D:4      | Reached skill level 8 in Axes
  1260 | D:4      | Reached XP level 7. HP: 15/62 MP: 7/7
  1691 | D:4      | Reached skill level 9 in Axes
  1764 | D:5      | Entered Level 5 of the Dungeon
  1781 | D:5      | Noticed George's ghost (amateur MiFi)
  1794 | D:5      | Killed George's ghost
  1999 | D:5      | Reached skill level 10 in Axes
  1999 | D:5      | Reached XP level 8. HP: 49/71 MP: 8/8
  2543 | D:6      | Found a sparkling altar of Nemelex Xobeh.
  2669 | D:6      | Found a radiant altar of Vehumet.
  2751 | D:6      | Reached skill level 11 in Axes
  3119 | D:6      | Reached skill level 12 in Axes
  3130 | D:6      | HP: 1/74 [orc warrior/enchanted halberd (18)]
  3131 | D:6      | Slain by an orc warrior

Vault maps used:
D:1:      dpeg_arrival_ternary, glass_columns_a, minmay_pentomino_p4
D:2:      minmay_door_path, zin_purify, marbit_many_paths, first_bread,
          lightli_corner_chamber
D:3:      trog_eyes_of_draining, lemuel_round_altar, minmay_misc_feat_roman
D:4:      gup_sewer_entry_glass, uniq_grinder
D:5:      grunt_decor_arrowhead
D:6:      kennysheep_mini_moat, nemelex_xobeh_ov_fountains_minmay

Skill      XL: |  1  2  3  4  5  6  7  8 |
---------------+-------------------------+-----
Fighting       | 3 4 5 6 7 |  7.9
Axes           | 5 6 7 8 10 12 | 12.1
Throwing       | |  1.7
Dodging        | |  2.4

Action                   |  1- 3 |  4- 6 |  7- 9 || total
-------------------------+-------+-------+-------++-------
Melee: War axe           |    57 |    59 |    74 ||   190
       Broad axe         |       |       |    74 ||    74
  Use: Potion            |       |     8 |     1 ||     9
  Eat: Chunk             |       |     4 |     8 ||    12
Armor: Scale mail        |    29 |    21 |    48 ||    98
       Leather armour    |     2 |       |       ||     2
Dodge: Dodged            |    29 |    23 |    72 ||   124
